 Dungeon Crawl Stone Soup version 0.20.1-1-g8b1a95d (webtiles) character file.

877 mike2R the Thaumaturge (level 7, -1/54 HPs)
             Began as a Deep Elf Conjurer on June 9, 2018.
             Slain by Situis's ghost (8 damage)
             ... on level 6 of the Dungeon on June 10, 2018.
             The game lasted 00:35:55 (5785 turns).

mike2R the Thaumaturge (Deep Elf Conjurer)          Turns: 5785, Time: 00:35:56

Health: -1/54      AC:  8    Str: 10    XL:     7   Next: 75%
Magic:  3/20       EV: 12    Int: 29    God:
Gold:   114        SH:  0    Dex: 15    Spells: 6/22 levels left

rFire    + . .     SeeInvis .   A - +5 rapier (venom)
rCold    . . .     Gourm    .   (no shield)
rNeg     . . .     Faith    .   z - +3 leather armour {rF+}
rPois    .         Spirit   .   (no helmet)
rElec    .         Reflect  .   (no cloak)
rCorr    .         Harm     .   o - +0 pair of gloves "Amuh" {Int+4}
MR       .....                  v - +0 pair of boots
Stlth    ..........             d - amulet of regeneration
Regen    0.6/turn               w - +3 ring of intelligence
MPRegen  0.2/turn               (no ring)

@: berserking, very quick
A: no striking features
a: no special abilities


You were on level 6 of the Dungeon.
You were very hungry.

You visited 1 branch of the dungeon, and saw 6 of its levels.

You collected 355 gold pieces.
You spent 241 gold pieces at shops.

Inventory:

Hand Weapons
 x - a +0 dagger of venom
 A - a +5 rapier of venom (weapon)
Missiles
 f - 167 stones (quivered)
Armour
 o - the +0 pair of gloves "Amuh" (worn) {Int+4}
   (You bought it in a shop on level 5 of the Dungeon)

   It affects your intelligence (+4).
 s - a +0 scale mail of poison resistance
 v - a +0 pair of boots (worn)
 z - a +3 leather armour of fire resistance (worn)
Jewellery
 d - an amulet of regeneration (around neck)
 w - a +3 ring of intelligence (left hand)
Wands
 n - a wand of confusion (28/48)
 y - a wand of iceblast (9/15)
 B - a wand of acid (8/15)
Scrolls
 a - a scroll of torment
 e - 5 scrolls of teleportation
 k - 3 scrolls of blinking
 l - a scroll of fear
 m - 2 scrolls of immolation
 p - a scroll of fog
 u - a scroll of amnesia
Potions
 g - a potion of flight
 t - 2 potions of curing
 C - a potion of brilliance
Books
 b - a book of Conjurations

   Spells                             Type                      Level
   a - Magic Dart                     Conjuration                  1
   b - Searing Ray                    Conjuration                  2
   c - Dazzling Spray                 Conjuration/Hexes            3
   d - Fulminant Prism                Conjuration/Hexes            4
   e - Force Lance                    Conjuration/Translocation    4
   f - Iskenderun's Mystic Blast      Conjuration                  4
 j - a book of Maledictions

   Spells                             Type                      Level
   a - Corona                         Hexes                        1
   b - Ensorcelled Hibernation        Hexes/Ice                    2
   c - Confuse                        Hexes                        3
   d - Tukima's Dance                 Hexes                        3
   e - Dazzling Spray                 Conjuration/Hexes            3
Comestibles
 c - 4 bread rations
 h - 3 meat rations
 i - 3 royal jellies
 q - 4 fruits


   Skills:
 + Level 0.2 Fighting
 + Level 2.5 Dodging
 - Level 2.6 Stealth
 - Level 8.4 Spellcasting
 - Level 5.1 Conjurations
 - Level 7.4 Hexes


You had 6 spell levels left.
You knew the following spells:

 Your Spells              Type           Power        Failure   Level  Hunger
a - Magic Dart            Conj           ####         1%          1    None
b - Searing Ray           Conj           #####.       1%          2    None
c - Dazzling Spray        Conj/Hex       #####.       1%          3    None
d - Confuse               Hex            ######..     1%          3    None
e - Tukima's Dance        Hex            ######..     1%          3    None
f - Fulminant Prism       Conj/Hex       #####.....   4%          4    #......


Dungeon Overview and Level Annotations

Branches:
Dungeon (6/15)
 Temple: D:4-7

Altars:

Shops:
D:5 *

Annotations:
D:6 Situis's ghost, novice GrMo


Message History

Situis's ghost hits you!
The searing ray misses Situis's ghost.
Situis's ghost hits you.
The searing ray hits Situis's ghost.
Situis's ghost is almost destroyed.
You finish channeling your searing ray.
Situis's ghost hits you but does no damage.
Okay, then.
Casting: Searing Ray
Confirm with . or Enter, or press ? or * to list all spells.
Aiming: Searing Ray
Press: ? - help, Shift-Dir - straight line, f/p - Situis's ghost
Aim: Situis's ghost (almost destroyed)
Okay, then.
A red film seems to cover your vision as you go berserk!
You feel yourself moving faster!
You feel mighty! Situis's ghost hits you!
* * * LOW HITPOINT WARNING * * *
You hit Situis's ghost.
Situis's ghost is almost destroyed.
Situis's ghost hits you!
You die...

...# #..# #..# ..# ...
#.# #.# #.###### ..
#.W@...#######.#
######.#........
#..........
###........ #........
#. #........
#.############........
#.....................
#..........###........


You could see Situis's ghost.

Vanquished Creatures
  The ghost of Undead575 the Caller, an amateur TeSu of Hepliaklqana (D:3)
  A necrophage (D:5)
  An ogre (D:4)
  A centaur (D:4)
  A scorpion (D:4)
  An orc wizard (D:4)
  An iguana (D:4)
  Jessica (D:2)
  3 worker ants
  A worker ant zombie (D:3)
  4 gnolls (D:3)
  5 adders
  An ooze (D:4)
  An adder skeleton (D:4)
  2 worms
  The ghost of Iko the Skirmisher, a weakling MfFi (D:4)
  2 dart slugs (D:2)
  The ghost of Iko the Vexing, a weakling DEEn (D:5)
  2 leopard geckos
  10 orcs
  8 bats
  4 giant cockroaches
  5 hobgoblins
  5 jackals
  7 kobolds
  2 quokkas
  A ball python (D:3)
  5 frilled lizards
  9 goblins
  A leopard gecko skeleton (D:4)
  A quokka zombie (D:5)
  8 rats
97 creatures vanquished.

Vanquished Creatures (collateral kills)
  Eustachio (D:5)
1 creature vanquished.

Vanquished Creatures (others)
  A dancing weapon (D:3)
  2 fulminant prisms
3 creatures vanquished.

Grand Total: 101 creatures vanquished

Notes
Turn   | Place    | Note
-------+----------+-------------------------------------------
     0 | D:1      | mike2R the Deep Elf Conjurer began the quest for the Orb.
     0 | D:1      | Reached XP level 1. HP: 10/10 MP: 6/6
   187 | D:1      | Reached XP level 2. HP: 15/15 MP: 6/8
   191 | D:1      | Learned a level 2 spell: Searing Ray
   970 | D:1      | Reached skill level 5 in Conjurations
   970 | D:1      | Reached XP level 3. HP: 7/19 MP: 6/10
  1352 | D:1      | Reached skill level 4 in Spellcasting
  1362 | D:1      | Learned a level 3 spell: Dazzling Spray
  1674 | D:2      | Learned a level 3 spell: Confuse
  1894 | D:2      | Noticed Jessica
  1898 | D:2      | Killed Jessica
  1898 | D:2      | Reached skill level 1 in Hexes
  1898 | D:2      | Reached XP level 4. HP: 24/24 MP: 4/12
  2602 | D:3      | Reached skill level 5 in Spellcasting
  2703 | D:3      | Noticed Undead575's ghost (amateur TeSu)
  2711 | D:3      | Killed Undead575's ghost
  2711 | D:3      | Reached XP level 5. HP: 23/28 MP: 5/15
  2904 | D:3      | Learned a level 3 spell: Tukima's Dance
  3075 | D:3      | Reached skill level 6 in Spellcasting
  3424 | D:3      | Reached XP level 6. HP: 32/32 MP: 15/17
  3430 | D:3      | Learned a level 4 spell: Fulminant Prism
  3643 | D:4      | Noticed Iko's ghost (weakling MfFi)
  3647 | D:4      | Killed Iko's ghost
  3766 | D:4      | Reached skill level 5 in Hexes
  3971 | D:4      | Reached skill level 7 in Spellcasting
  4234 | D:5      | Entered Level 5 of the Dungeon
  4234 | D:5      | Noticed Eustachio
  4247 | D:5      | Killed Eustachio
  4247 | D:5      | Reached XP level 7. HP: 36/36 MP: 1/20
  4597 | D:4      | Reached skill level 8 in Spellcasting
  4903 | D:5      | Found Mifirero's Assorted Antiques.
  4906 | D:5      | Bought a pair of faintly humming gloves for 199 gold pieces
  4906 | D:5      | Bought a scroll of identify for 42 gold pieces
  4912 | D:5      | Identified the +0 pair of gloves "Amuh" {Int+4} (You bought it in a shop on level 5 of the Dungeon)
  5208 | D:5      | Noticed Iko's ghost (weakling DEEn)
  5216 | D:5      | Killed Iko's ghost
  5767 | D:6      | Noticed Situis's ghost (novice GrMo)
  5785 | D:6      | Slain by Situis's ghost

Skill      XL: |  1  2  3  4  5  6  7 |
---------------+----------------------+-----
Conjurations   | 5 |  5.1
Spellcasting   | 4 5 6 7 8 |  8.4
Hexes          | 1 3 4 6 7 |  7.4
Fighting       | |  0.2
Dodging        | |  2.5
Stealth        | |  2.6

Action                   |  1- 3 |  4- 6 |  7- 9 || total
-------------------------+-------+-------+-------++-------
Melee: Short sword       |    33 |    19 |       ||    52
       Dagger            |       |     2 |     4 ||     6
       Rapier            |       |       |    15 ||    15
 Cast: Magic Dart        |    37 |    93 |    30 ||   160
       Searing Ray       |     2 |    11 |     4 ||    17
       Confuse           |     2 |     3 |     2 ||     7
       Tukima's Dance    |       |     4 |       ||     4
       Fulminant Prism   |       |     1 |     1 ||     2
       Dazzling Spray    |       |       |     1 ||     1
  Use: Potion            |     2 |       |     1 ||     3
       Scroll            |       |       |    14 ||    14
 Stab: Sleeping          |     8 |     1 |     1 ||    10
  Eat: Chunk             |     3 |     8 |       ||    11
       Royal jelly       |       |       |     1 ||     1
       Fruit             |       |       |     1 ||     1
Armor: Robe              |    12 |     1 |       ||    13
       Leather armour    |       |     1 |     6 ||     7
Dodge: Dodged            |    23 |    19 |     8 ||    50
